 Dungeon Crawl Stone Soup version 0.30-a0-137-gd8773701ce (webtiles) character file.

Game seed: 11486548666221179523

9 jt the Sneak (level 2, -2/21 HPs)
             Began as an Octopode Delver on Sept 23, 2022.
             Slain by a centaur (3 damage)
             ... on level 4 of the Dungeon.
             The game lasted 00:01:56 (256 turns).

jt the Sneak (Octopode Delver)                       Turns: 256, Time: 00:01:56

Health: -2/21      AC: 13    Str: 11    XL:     2   Next: 16%
Magic:  2/2        EV: 13    Int: 12    God:
Gold:   46         SH:  0    Dex: 13    Spells: 1/1 levels left

rFire   x x .      SeeInvis .    a - +0 falchion
rCold   x x .      Faith    .    (no shield)
rNeg    . . .      Spirit   .    (helmet restricted)
rPois   +          Reflect  .    g - amulet of Elemental Vulnerability {rPois rF-- rC-- AC+8}
rElec   .          Harm     .    h - +4 ring of protection
rCorr   .          Rampage  .    (no ring)
Will    .....                    (no ring)
Stlth   ++++......               (no ring)
HPRegen 0.07/turn                (no ring)
MPRegen 0.08/turn                (no ring)
                                 (no ring)
                                 (no ring)

@: no status effects
A: almost no armour, amphibious, 8 rings, camouflage 1, gelatinous body 1,
(nimble swimmer 1), tentacles
a: no special abilities


You were on level 4 of the Dungeon.
You visited 1 branch of the dungeon, and saw 3 of its levels.

You collected 46 gold pieces.

Inventory:

Hand Weapons
 a - a +0 falchion (weapon)
Jewellery
 g - the amulet of Elemental Vulnerability (around mantle) {rPois rF-- rC-- AC+8}
   (You found it on level 6 of the Dungeon)

   [amulet of nothing]

   AC:        It affects your AC (+8).
   rF:        It makes you very vulnerable to fire.
   rC:        It makes you very vulnerable to cold.
   rPois:     It protects you from poison.
 h - a +4 ring of protection (left tentacle)
Wands
 f - a wand of digging (3)
Scrolls
 b - a scroll of fog
 c - a scroll of magic mapping
 d - a scroll of fear
Potions
 e - a potion of haste


   Skills:
 + Level 3.2 Fighting
 + Level 2.3 Long Blades
 - Level 2.0 Dodging
 + Level 6.8 Stealth


You had one spell level left.
You didn't know any spells.
Your spell library was empty.

Dungeon Overview and Level Annotations

Branches:
Dungeon (6/15)
 Temple: D:4-7

Altars:
Vehumet

Annotations:
D:5 Duvessa


Innate Abilities, Weirdness & Mutations

You cannot wear most types of armour.
You are amphibious.
You can wear up to eight rings at the same time.
Your skin changes colour to match your surroundings (Stealth+).
Your rubbery body absorbs attacks. (AC +1, EV +1)
((You are camouflaged when in or above water. (Stealth+)))
You have tentacles for arms and can constrict up to eight enemies at once.


Message History

The endoplasm quivers.
The centaur hits you but does no damage.
The centaur closely misses you.
The centaur hits you but does no damage.
The centaur barely misses you.
You barely miss the centaur.
The centaur is heavily wounded.
The centaur closely misses you. The centaur barely misses you.
You hit the centaur.
The centaur is heavily wounded.
The centaur hits you. The centaur closely misses you. The centaur hits you.
The centaur kicks you but does no damage.
The endoplasm freezes you.
You are frozen.
You feel a terrible chill!
* * * LOW HITPOINT WARNING * * *
You hit the endoplasm but do no damage. You squeeze the endoplasm.
You kill the endoplasm!
The centaur hits you but does no damage.
The centaur kicks you but does no damage.
The centaur hits you.
* * * LOW HITPOINT WARNING * * *
The centaur closely misses you.
It was a potion of cancellation.
You feel magically purged.
The centaur hits you but does no damage.
The centaur barely misses you.
The centaur hits you but does no damage.
The centaur barely misses you.
Press: ? - help, v - describe, . - travel
Here: a centaur (heavily wounded)
The floor.
You barely miss the centaur.
The centaur is heavily wounded.
The centaur completely misses you. The centaur closely misses you.
Okay, then.
Okay, then.
Okay, then.
You hit the centaur but do no damage.
The centaur is heavily wounded.
The centaur closely misses you. The centaur kicks you.
You die...

...... . ....##
.. ##...## ...
##.....####...
####............
.......>....#####
.#..........#?[!#
##......>..#c..#
#.........#@..#
#.......##.###.#
#.......#.#...#
#.....##.# ...#
#.....#.#. .....
#...##.# .....#
..#$# #.##... ##
.# #.. .. ..


You could see a centaur.

Vanquished Creatures
  4 orcs (D:5)
  An endoplasm (D:4)
5 creatures vanquished.

Notes
Turn   | Place    | Note
-------+----------+-------------------------------------------
     0 | D:5      | jt the Octopode Delver began the quest for the Orb.
     0 | D:5      | Reached XP level 1. HP: 16/16 MP: 1/1
     0 | D:5      | Found a radiant altar of Vehumet.
     3 | D:5      | Noticed an iguana
    13 | D:6      | Found the amulet of Elemental Vulnerability {rPois rF--
                  | rC-- AC+8}
   121 | D:5      | Noticed an iguana
   183 | D:5      | Reached XP level 2. HP: 17/21 MP: 2/2
   204 | D:5      | Noticed Duvessa
   243 | D:4      | Noticed a centaur
   253 | D:4      | HP: 1/21 [centaur (3)]
   256 | D:4      | Slain by a centaur

Illustrated notes

Levels and vault maps discovered:
D:4:      layout_layer_cave, minmay_vboxes, uniq_edmund
D:5:      layout_basic, vehumet_crystals, serial_bayou_pond_d, uniq_duvessa
D:6:      layout_rooms, nicolae_overflow_crystal_walls

Action                   || total
-------------------------++-------
Melee: Falchion          ||    21
       Tentacles         ||     6
       Constrict         ||     4
  Use: Potion            ||     1
 Stab: Sleeping          ||     1
Armor: Skin              ||    14
Dodge: Dodged            ||    26

Table legend: (Time is in decaauts)
 A = Elapsed time spent in this place.
 B = Non-inter-level travel time spent in this place.
 C = Inter-level travel time spent in this place.
 D = Time resting spent in this place.
 E = Time spent auto-exploring this place.
 F = Levels seen in this place.
 G = Mean time per level.
                   A        B        C        D        E       F      G
               +--------+--------+--------+--------+--------+-----+--------+
         Total |    258 |    258 |      0 |     49 |      0 |   3 |   86.0 |
       Dungeon |    258 |    258 |      0 |     49 |      0 |   3 |   86.0 |
               +--------+--------+--------+--------+--------+-----+--------+

Top non-repeatable levels by time:
     D:6: 108 daAuts
     D:5: 101 daAuts
     D:4: 48 daAuts
